 Dungeon Crawl Stone Soup version 0.25-a0-479-g8579842fd4 (webtiles) character file.

Game seed: 5179685143497110252, levelgen mode: deterministic

846 Eurus the Magician (level 7, -2/52 HPs)
             Began as a Mummy Conjurer on Feb 9, 2020.
             Was an Initiate of Ashenzari.
             Slain by a yak (15 damage)
             ... on level 4 of the Dungeon.
             The game lasted 00:11:56 (5426 turns).

Eurus the Magician (Mummy Conjurer)                 Turns: 5426, Time: 00:11:57

Health: -2/52      AC:  3    Str: 11    XL:     7   Next: 68%
Magic:  3/15       EV: 12    Int: 17    God:    Ashenzari [......]
Gold:   22         SH:  0    Dex: 12    Spells: 10/17 levels left

rFire    x . .     SeeInvis .   l - +0 quarterstaff
rCold    + . .     Gourm    .   (shield currently unavailable)
rNeg     + + +     Faith    .   a - +0 robe
rPois    ∞         Spirit   .   (no helmet)
rElec    .         Reflect  .   (no cloak)
rCorr    .         Harm     .   (no gloves)
MR       .....                  b - +0 pair of boots
Stlth    ++........             (no amulet)
HPRegen  0.17/turn              (no ring)
MPRegen  0.14/turn              (no ring)

@: no status effects
A: no food or potions, fire vulnerability, cold resistance 1, negative energy
resistance 3, torment resistance, unbreathing
a: Curse Item, Renounce Religion


You were on level 4 of the Dungeon.
You worshipped Ashenzari.
Ashenzari was noncommittal.
You were not hungry.

You visited 2 branches of the dungeon, and saw 5 of its levels.

You collected 194 gold pieces.
You spent 172 gold pieces at shops.

Inventory:

Hand Weapons
 l - a +0 quarterstaff (weapon)
Armour
 a - a +0 robe (worn)
 b - a +0 pair of boots (worn)
 o - a +1 buckler of protection
Jewellery
 c - a +3 ring of evasion
 k - an uncursed ring of stealth
Wands
 m - a wand of paralysis (8)
Scrolls
 d - a scroll of enchant weapon {unknown}
 e - a scroll of fear {unknown}
 f - a scroll of magic mapping {unknown}
 g - a scroll of immolation {unknown}
 h - 3 scrolls of remove curse
 i - 7 scrolls of identify {unknown}
 j - a scroll of teleportation {unknown}
 n - a scroll of amnesia {unknown}


   Skills:
 - Level 3.4 Fighting
 - Level 1.5 Dodging
 - Level 1.5 Stealth
 * Level 2.1 Shields
 + Level 5.7 Spellcasting
 + Level 5.2 Conjurations
 + Level 2.5 Translocations


You had 10 spell levels left.
You knew the following spells:

 Your Spells              Type           Power        Failure   Level  Hunger
a - Magic Dart            Conj           ###.         1%          1    N/A
b - Searing Ray           Conj           ###...       2%          2    N/A
c - Iskenderun's Mystic   Conj/Tloc      ###.....     26%         4    N/A

Your spell library contained the following spells:

 Spells                   Type           Power        Failure   Level  Hunger
 Dazzling Flash           Conj/Hex       ##....       14%         3    N/A
 Fulminant Prism          Conj/Hex       ##........   41%         4    N/A

Dungeon Overview and Level Annotations

Branches:
Dungeon (4/15)             Temple (1/1) D:4

Altars:
Ashenzari
Cheibriados
Elyvilon
Fedhas
Gozag
Hepliaklqana
Kikubaaqudgha
Makhleb
Okawaru
Uskayaw
Vehumet
Wu Jian
Xom
Yredelemnul
Zin

Shops:
D:4 [

Annotations:
D:4 4 runed translucent doors


Innate Abilities, Weirdness & Mutations

You do not eat or drink.
Your flesh is vulnerable to fire.
You are immune to poison.
Your flesh is cold resistant. (rC+)
You are immune to negative energy. (rN+++)
You are immune to unholy pain and torment.
You can survive without breathing.


Message History

The searing ray hits the yak.
The yak is heavily wounded.
You finish channeling your searing ray.
The yak gores you.
Casting: Searing Ray (safe; 2% risk of failure)
Confirm with . or Enter, or press ? or * to list all spells.
Aiming: Searing Ray (safe; 2% risk of failure)
Press: ? - help, Shift-Dir - straight line, f/p - yak
Aim: a yak (heavily wounded)
The searing ray hits the yak.
The yak is severely wounded. (Press . to maintain the ray.)
The yak gores you!
The searing ray hits the yak.
The yak is almost dead.
The yak gores you.
* * * LOW HITPOINT WARNING * * *
You hit the yak but do no damage.
The yak is almost dead.
The yak gores you!
You die...

##.......##........#######..#
#.#
#.......##........#.....##.###.#
#.................#.....##......
#.................#.....#...##++
#.................'..>..'..##8..
#.................#.....#..#8.H.
######............#.....##.#|...
#..........%.#.....##.#!...
........Y@..########.#8...
.....######...#.# #.##8.. ....
#......# #..##++ . #.######
##..... #.# ##...# #.# #...#
#.############...
#..............>#
#################


You could see a yak.

Vanquished Creatures
  An ogre (D:4)
  A phantom (D:4)
  A water moccasin skeleton (D:4)
  3 orc priests
  2 hounds (D:4)
  A bullfrog skeleton (D:4)
  7 orc wizards (D:4)
  A centaur skeleton (D:4)
  A worker ant (D:4)
  Terence (D:3)
  A hound skeleton (D:4)
  5 adders
  4 oozes
  2 worms
  2 dart slugs
  4 leopard geckos
  19 orcs
  2 giant cockroaches
  6 goblins
  8 hobgoblins
  5 jackals
  5 quokkas
  A ball python (D:2)
  9 bats
  2 frilled lizards (D:3)
  3 kobolds
  7 rats
104 creatures vanquished.

Notes
Turn   | Place    | Note
-------+----------+-------------------------------------------
     0 | D:1      | Eurus the Mummy Conjurer began the quest for the Orb.
     0 | D:1      | Reached XP level 1. HP: 13/13 MP: 4/4
     3 | D:1      | Noticed a merfolk zombie
    23 | D:1      | Noticed a minotaur zombie
   254 | D:1      | Reached XP level 2. HP: 14/20 MP: 1/5
   736 | D:1      | Reached skill level 1 in Fighting
   758 | D:1      | You fall into a shaft and drop 1 floor!
   836 | D:2      | Learned a level 2 spell: Searing Ray
  1056 | D:1      | Reached XP level 3. HP: 25/26 MP: 4/7
  1511 | D:2      | Found an ancient bone altar of Kikubaaqudgha.
  1570 | D:2      | Found a shimmering altar of Xom.
  1975 | D:2      | Reached XP level 4. HP: 32/32 MP: 6/9
  2568 | D:3      | Reached XP level 5. HP: 33/38 MP: 7/10
  2596 | D:3      | Learned a level 4 spell: Iskenderun's Mystic Blast
  2755 | D:3      | Noticed Terence
  2761 | D:3      | Killed Terence
  3031 | D:4      | Reached skill level 1 in Translocations
  3403 | D:4      | Noticed an ogre
  3509 | D:4      | Reached XP level 6. HP: 35/46 MP: 7/12
  4189 | D:4      | Reached skill level 5 in Spellcasting
  4189 | D:4      | Reached XP level 7. HP: 52/52 MP: 8/14
  4243 | D:4      | Found Ruguas's Antique Armour Shoppe.
  4248 | D:4      | Bought a runed buckler for 172 gold pieces
  4272 | D:4      | Found a large runed translucent door.
  4272 | D:4      | Found a large runed translucent door.
  4275 | D:4      | Found a large runed translucent door.
  4275 | D:4      | Found a large runed translucent door.
  4276 | D:4      | Found a staircase to the Ecumenical Temple.
  4282 | Temple   | Entered the Ecumenical Temple
  4353 | Temple   | Became a worshipper of Ashenzari the Shackled
  4396 | D:4      | Reached skill level 5 in Conjurations
  4527 | D:4      | Reached skill level 1 in Shields
  4679 | D:4      | Noticed a hippogriff
  4755 | D:4      | Noticed a yak
  5426 | D:4      | Slain by a yak

Levels and vault maps discovered:
D:1:      shiori_arrival_whats_in_store_for_you, layout_rooms,
          minmay_split_cup_large
D:2:      layout_basic, xom_teletrap_fun, overflow_temple_1_default,
          first_ration
D:3:      layout_basic, uniq_terence
D:4:      minmay_opposing_rooms, layout_basic, temple_green, serial_shops, shop,
          minmay_hollow_rounded_squares
Temple:   cyrus_circular_temple

Skill      XL: |  1  2  3  4  5  6  7 |
---------------+----------------------+-----
Spellcasting   | 3 4 5 |  5.7
Fighting       | 1 2 3 |  3.4
Conjurations   | 4 5 |  5.2
Translocations | 1 2 |  2.5
Shields        | 2 |  2.1
Dodging        | |  1.5
Stealth        | |  1.5

Action                   |  1- 3 |  4- 6 |  7- 9 || total
-------------------------+-------+-------+-------++-------
Melee: Club              |    11 |       |       ||    11
       Dagger            |    68 |    45 |       ||   113
       Quarterstaff      |       |    38 |    23 ||    61
 Cast: Magic Dart        |    69 |    35 |    12 ||   116
       Searing Ray       |     2 |    16 |    14 ||    32
 Stab: Sleeping          |       |     1 |       ||     1
Armor: Robe              |    23 |    16 |     5 ||    44
Dodge: Dodged            |    72 |    64 |    34 ||   170

Table legend:
 A = Non-vault XP
 B = Vault XP
 C = Vault XP percentage of total XP
 D = Non-vault monster count
 E = Vault monster count
 F = Vault count percentage of total count
                 A         B        C        D         E       F
            +---------+---------+-------+---------+---------+-------
      Total |     832 |     377 |  31.2 |      86 |      18 |  17.3
            +---------+---------+-------+---------+---------+-------
        D:1 |      39 |       7 |  15.2 |      19 |       4 |  17.4
        D:2 |      54 |       0 |   0.0 |      15 |       0 |   0.0
        D:3 |     115 |      36 |  23.8 |      22 |       1 |   4.3
        D:4 |     624 |     334 |  34.9 |      30 |      13 |  30.2
            +---------+---------+-------+---------+---------+-------
